 Dungeon Crawl Stone Soup version 0.18-a0-775-g4d9e04e (webtiles) character file.

551 Kolbur the Covert (level 7, -12/60 HPs)
             Began as a Kobold Assassin on Dec 13, 2015.
             Was an Initiate of Cheibriados.
             Killed by divine providence
             ... invoked by an orc priest
              (13 damage)
             ... on level 7 of the Dungeon.
             The game lasted 00:34:24 (1146 turns).

Kolbur the Covert (Kobold Assassin)                 Turns: 1146, Time: 00:34:24

Health: -12/60     AC: 23    Str: 11    XL:     7   Next: 54%
Magic:  4/7        EV:  3    Int: 12    God:    Cheibriados [......]
Gold:   87         SH:  0    Dex: 20    Spells: 0 memorised, 6 levels left

rFire  . . .     SeeInvis .     u - +1 lajatang
rCold  . . .     Clarity  .     (armour currently unavailable)
rNeg   + + +     SustAt   .     (shield currently unavailable)
rPois  +         Gourm    .     (helmet currently unavailable)
rElec  .         Spirit   .     (cloak currently unavailable)
rCorr  .         Dismiss  .     (gloves currently unavailable)
rMut   .         NoTele   +     (boots currently unavailable)
MR     .....                    (no amulet)
Stlth  ++++++....               (no ring)
                                z - +2 ring of intelligence

@: tree-form (expiring), very slow, not resistant to hostile enchantments, very
stealthy
A: carnivore 3
a: Bend Time, Renounce Religion


You were on level 7 of the Dungeon.
You worshipped Cheibriados.
Cheibriados was noncommittal.
You were very full.
You were a tree.
You visited 1 branch of the dungeon, and saw 7 of its levels.

You collected 87 gold pieces.

Inventory:

Hand Weapons
 a - a +2 dagger
 b - a +0 blowgun
 u - a +1 lajatang (weapon)
 y - a +0 rapier
Missiles
 e - 6 poisoned needles
 i - a stone (quivered)
 k - 13 silver bolts
Armour
 d - a +0 cloak (melded)
 l - a +0 pair of boots (melded)
 r - a +0 ring mail (melded)
Jewellery
 z - a +2 ring of intelligence (left branch)
Scrolls
 m - a scroll of remove curse
 o - 3 scrolls of teleportation
Potions
 j - a potion of lignification
 t - a potion of brilliance {unknown}
 w - a potion of magic {unknown}
 x - a potion of agility {unknown}
Comestibles
 c - a meat ration
 g - a royal jelly
 n - a slice of pizza


   Skills:
 + Level 2.7 Fighting
 - Level 6.2 Short Blades
 + Level 1.9 Staves
 - Level 2.1 Throwing
 - Level 3.7 Dodging
 + Level 8.3 Stealth


You had 6 spell levels left.
You didn't know any spells.

Dungeon Overview and Level Annotations

Branches:
Dungeon (7/15)
 Temple: D:4-7

Altars:
Cheibriados

Annotations:
D:7 Joseph, Prince Ribbit


Innate Abilities, Weirdness & Mutations

You are small and have problems with some larger weapons.
You are carnivorous and can eat meat at any time.


Message History

Your transformation is almost over.
Prince Ribbit hits you but does no damage.
The orc barely misses you. The orc completely misses you.
The orc priest calls down the wrath of Beogh upon you.
You struggle to resist.
Prince Ribbit hits you.
* * * LOW HITPOINT WARNING * * *
Joseph hits you but does no damage. The orc completely misses you.
The orc hits you but does no damage. x2
The orc priest hits you but does no damage.
You closely miss Joseph.
Joseph is almost dead.
Prince Ribbit hits you but does no damage.
The orc hits you but does no damage. x2
Joseph hits you with a quarterstaff.
* * * LOW HITPOINT WARNING * * *
The orc hits you but does no damage.
Prince Ribbit hits you but does no damage.
The orc priest mumbles some strange prayers to Beogh against you.
Something smites you!
You die...

.####.##.# #.#..# ###.........#
.##..###.## #...# ##......###
....## #..# #...## ##....## ...##
##.###....## #....## ..##
#.........## #....## # ...####
#..##......#####.)...####
.#....##..####.......#.....#.....
####.....## ##.F.#.......###....
#......####o♣o....##..# ##..
..#.........oo@..<.##..# #.
.......###.....##..##..# ##.
.....F........##...#..# #..
.#.#.#.#.###..#).## ##..
.........###...#..###...
.#.#.#.#.#.###...........
..........###.........##
#.#.#.#.#............##


You could see Joseph, Prince Ribbit, an orc priest and 3 orcs.

Vanquished Creatures
  An orc warrior (D:3)
  An ice beast (D:6)
  An ogre (D:7)
  A scorpion (D:5)
  An orc priest (D:4)
  2 orc wizards (D:3)
  Jessica (D:3)
  An iguana (D:6)
  4 adders
  3 oozes
  A worm (D:3)
  A giant gecko (D:7)
  10 orcs
  2 ball pythons
  3 giant cockroaches
  3 goblins
  2 kobolds (D:1)
  4 bats
  4 giant newts
  5 rats
51 creatures vanquished.

Notes
Turn   | Place    | Note
--------------------------------------------------------------
     0 | D:1      | Kolbur the Kobold Assassin began the quest for the Orb.
     0 | D:1      | Reached XP level 1. HP: 12/12 MP: 1/1
     6 | D:1      | Noticed a redback
     6 | D:1      | Noticed a wolf
     6 | D:1      | Noticed a polar bear
     6 | D:1      | Noticed an anaconda
     6 | D:1      | Noticed a fire drake
    57 | D:1      | Reached XP level 2. HP: 15/17 MP: 2/2
   259 | D:2      | Reached XP level 3. HP: 13/21 MP: 3/3
   414 | D:3      | Reached skill level 5 in Short Blades
   414 | D:3      | Reached XP level 4. HP: 23/26 MP: 4/4
   437 | D:3      | Found a snail-covered altar of Cheibriados.
   437 | D:3      | Noticed an orc warrior
   461 | D:3      | Killed an orc warrior
   461 | D:3      | Reached skill level 6 in Stealth
   461 | D:3      | Reached XP level 5. HP: 30/30 MP: 5/5
   526 | D:3      | Became a worshipper of Cheibriados the Contemplative
   551 | D:3      | Reached skill level 7 in Stealth
   551 | D:3      | Reached XP level 6. HP: 35/35 MP: 6/6
   707 | D:3      | Noticed Jessica
   714 | D:3      | Killed Jessica
   796 | D:5      | Entered Level 5 of the Dungeon
   829 | D:5      | Reached skill level 1 in Staves
   857 | D:6      | Noticed an ice beast
   860 | D:6      | Killed an ice beast
   860 | D:6      | Reached skill level 8 in Stealth
   860 | D:6      | Reached XP level 7. HP: 40/40 MP: 7/7
   881 | D:7      | Noticed Joseph
   929 | D:6      | Reached * piety under Cheibriados
  1077 | D:7      | Noticed Prince Ribbit
  1145 | D:7      | HP: 2/60 [Prince Ribbit (4)]
  1146 | D:7      | Killed from afar by an orc priest

Vault maps used:
D:1:      onia_arrival_zoo_common, monster_avoids_cloud
D:3:      lemuel_round_altar, uniq_jessica
D:4:      grunt_temple_overflow_growth_and_decay, kennysheep_mini,
          lemuel_doored_altar, serial_shops, shop_fountains, shop, shop,
          uniq_pikel, uniq_grinder
D:5:      lemuel_ratsnest, minmay_temple_entry_statues_fountains, first_bread
D:6:      lemuel_crystal_altar, grunt_pakellas_mercury, kennysheep_small_spiral,
          grunt_ministairs_13, uniq_eustachio
D:7:      lemuel_insect_pit, hex_large, uniq_prince_ribbit1, uniq_joseph

Action                   |  1- 3 |  4- 6 |  7- 9 || total
-------------------------+-------+-------+-------++-------
Melee: Dagger            |    52 |    65 |    23 ||   140
       Lajatang          |       |       |    14 ||    14
 Fire: Blowgun           |    11 |    22 |     7 ||    40
Invok: Bend Time         |       |       |     2 ||     2
  Use: Scroll            |       |     5 |       ||     5
       Potion            |       |     1 |     5 ||     6
 Stab: Sleeping          |    16 |    13 |     2 ||    31
       Distracted        |       |     1 |       ||     1
  Eat: Chunk             |     6 |     1 |       ||     7

Vault maps used:
D:1:      onia_arrival_zoo_common, monster_avoids_cloud
D:3:      lemuel_round_altar, uniq_jessica
D:4:      grunt_temple_overflow_growth_and_decay, kennysheep_mini,
          lemuel_doored_altar, serial_shops, shop_fountains, shop, shop,
          uniq_pikel, uniq_grinder
D:5:      lemuel_ratsnest, minmay_temple_entry_statues_fountains, first_bread
D:6:      lemuel_crystal_altar, grunt_pakellas_mercury, kennysheep_small_spiral,
          grunt_ministairs_13, uniq_eustachio
D:7:      lemuel_insect_pit, hex_large, uniq_prince_ribbit1, uniq_joseph

Table legend:
 A = Turns spent in this place as a percentage of turns spent in the entire game.
 B = Non-inter-level travel turns spent in this place as a percentage of non-inter-level travel turns spent in the entire game.
 C = Inter-level travel turns spent in this place as a percentage of turns spent in this place.
 D = Turns resting spent in this place as a percentage of non-inter-level travel turns spent in this place.
 E = Turns spent auto-exploring this place as a percentage of non-inter-level travel turns spent in this place.
 F = Non-inter-level travel turns spent in this place divided by the number of levels of this place that you've seen.
                   A       B       C       D       E      F
               +-------+-------+-------+-------+-------+----------------------
         Total | 100.0 | 100.0 |   0.2 |   0.3 |   0.0 | 169.4
       Dungeon | 100.0 | 100.0 |   0.2 |   0.3 |   0.0 | 169.4
               +-------+-------+-------+-------+-------+----------------------
